 Dungeon Crawl Stone Soup version 0.19-a0-1888-g6ba2374 (webtiles) character file.

125 Naow the Chopper (level 5, -8/41 HPs)
             Began as a Formicid Fighter on Oct 17, 2016.
             Killed by nerve-wracking pain
             ... invoked by Grinder
              (14 damage)
             ... on level 3 of the Dungeon.
             The game lasted 00:01:57 (1966 turns).

Naow the Chopper (Formicid Fighter)                 Turns: 1966, Time: 00:01:57

Health: -8/41      AC:  6    Str: 22    XL:     5   Next: 30%
Magic:  5/5        EV:  8    Int:  7    God:
Gold:   122        SH:  9    Dex: 10    Spells: 0 memorised, 4 levels left

rFire  . . .     SeeInvis +     a - +0 war axe
rCold  . . .     Gourm    .     b - +0 scale mail
rNeg   . . .     Faith    .     c - +0 shield
rPois  .         Spirit   .     (helmet unavailable)
rElec  .         Dismiss  .     (no cloak)
rCorr  .         Reflect  .     (no gloves)
MR     .....     Harm     .     (no boots)
Stlth  ..........               (no amulet)
                                (no ring)
                                (no ring)

@: no status effects
A: permanent stasis, dig shafts and tunnels, four strong arms, antennae 3
a: Dig, Shaft Self


You were on level 3 of the Dungeon.
You were not hungry.

You visited 1 branch of the dungeon, and saw 3 of its levels.

You collected 122 gold pieces.

Inventory:

Hand Weapons
 a - a +0 war axe (weapon)
Armour
 b - a +0 scale mail (worn)
 c - a +0 shield (worn)
Jewellery
 n - an uncursed ring of wizardry {unknown}
Scrolls
 g - 2 scrolls of identify {unknown}
 h - a scroll of magic mapping {unknown}
 k - a scroll of recharging {unknown}
 m - a scroll of remove curse {unknown}
Potions
 d - 2 potions of might
 e - 3 potions of heal wounds {unknown}
 l - a potion of agility
 o - a potion of degeneration {unknown}
 p - 2 potions of cancellation {unknown}
Comestibles
 f - 3 bread rations
 j - a beef jerky


   Skills:
 - Level 3.2 Fighting
 + Level 5.0 Axes
 - Level 3.2 Armour
 - Level 3.7 Shields


You had 4 spell levels left.
You didn't know any spells.

Dungeon Overview and Level Annotations

Branches:
Dungeon (3/15)

Altars:

Annotations:
D:3 Grinder


Innate Abilities, Weirdness & Mutations

You are under a permanent stasis effect.
You can dig through walls and to a lower floor.
Your four strong arms can wield two-handed weapons with a shield.
You have a pair of large antennae on your head. (SInv)


Message History

Grinder is heavily wounded.
You block Grinder's attack.
You slash Grinder!
Grinder is heavily wounded.
You block Grinder's attack.
You closely miss Grinder.
Grinder is heavily wounded.
Grinder hits you.
You writhe in agony.
Grinder hits you.
You writhe in agony.
* * * LOW HITPOINT WARNING * * *
You are too injured to fight recklessly!
You are too injured to fight recklessly!
You barely miss Grinder.
Grinder is heavily wounded.
Grinder hits you.
* * * LOW HITPOINT WARNING * * *
You writhe in agony.
* * * LOW HITPOINT WARNING * * *
Grinder gestures at you. Pain shoots through your body!
You die...

##. #. ##... #.# ....
#.# #..# #.# #..#
##.######## #..#
#.!.......####..#####
####..######.)..........
#....5.@.<..#####...#...
#.##..####............#
#.##..####..##.###..###
#...........# .. ..#
#......5.?..# .....
#.##.###........ .....
#. #. #....#..# ..... #
#. #....##..# #. #....#
.#.


You could see Grinder.

Vanquished Creatures
  Ijyb (D:2)
  3 adders (D:2)
  An ooze (D:1)
  2 worms
  2 dart slugs
  3 leopard geckos
  An orc (D:3)
  2 giant cockroaches
  8 goblins
  5 hobgoblins
  6 jackals (D:1)
  A quokka (D:3)
  7 bats
  3 frilled lizards
  6 kobolds
  4 rats
55 creatures vanquished.

Notes
Turn   | Place    | Note
-------+----------+-------------------------------------------
     0 | D:1      | Naow the Formicid Fighter began the quest for the Orb.
     0 | D:1      | Reached XP level 1. HP: 18/18 MP: 1/1
    96 | D:1      | Reached XP level 2. HP: 11/24 MP: 2/2
   262 | D:1      | Reached skill level 3 in Axes
   491 | D:1      | Reached XP level 3. HP: 29/29 MP: 3/3
   889 | D:2      | Noticed Ijyb
   916 | D:2      | Killed Ijyb
   916 | D:2      | Reached skill level 4 in Axes
   916 | D:2      | Reached XP level 4. HP: 28/35 MP: 4/4
  1488 | D:2      | Reached XP level 5. HP: 36/41 MP: 5/5
  1711 | D:3      | Reached skill level 5 in Axes
  1728 | D:3      | Noticed Grinder
  1966 | D:3      | Killed from afar by Grinder

Vault maps used:
D:1:      dpeg_arrival_boxorama
D:2:      kennysheep_the_goblin_king, first_bread
D:3:      saegor_snake_ambush, uniq_crazy_yiuf_cottage, uniq_grinder

Skill      XL: |  1  2  3  4  5 |
---------------+----------------+-----
Axes           | 3 4 5 |  5.0
Fighting       | |  3.2
Armour         | |  3.2
Shields        | |  3.7

Action                   |  1- 3 |  4- 6 || total
-------------------------+-------+-------++-------
Melee: War axe           |    98 |    91 ||   189
  Eat: Chunk             |       |     4 ||     4
Armor: Scale mail        |    51 |    26 ||    77
Dodge: Dodged            |    45 |    22 ||    67
Block: Shield            |    75 |    45 ||   120
